 Seeded DCSS version 0.32-a0-900-g30fb1b0edc (webtiles) character file.

Game seed: 202404052 (custom seed)

1264 Orlauf the Twirler (level 8, 0/62 (65) HPs)
             Began as a Demonspawn Gladiator on Apr 5, 2024.
             Was an Initiate of Qazlal.
             Slain by a wight
             ... wielding a +0 battleaxe
              (1 damage)
             ... on level 6 of the Dungeon.
             The game lasted 00:07:21 (4676 turns).

Orlauf the Twirler (Demonspawn Gladiator)           Turns: 4676, Time: 00:07:22

HP:   0/62 (65)     AC:  6    Str: 16    XL:     8   Next: 27%
MP:   8/8           EV: 10    Int:  8    God:    Qazlal [......]
Gold: 266           SH:  6    Dex: 16    Spells: 7/7 levels left

rFire   . . .        a - +0 quarterstaff
rCold   + . .        (shield currently unavailable)
rNeg    . . .        i - +0 ring mail
rPois   .            (helmet restricted)
rElec   .            (no cloak)
rCorr   .            (no gloves)
SInv    .            l - +0 pair of boots
Will    .....        (no amulet)
Stlth   +            t - ring of protection from cold
HPRegen 0.30/turn    (no ring)
MPRegen 0.11/turn

%: no passive effects
@: mighty, lightly drained
A: antennae 1, large bone plates 2, ignite blood 2, demonic magic 1
a: Renounce Religion


You were on level 6 of the Dungeon.
You worshipped Qazlal.
Qazlal was noncommittal.
You visited 1 branch of the dungeon, and saw 6 of its levels.
You also visited: Sewer.

You collected 266 gold pieces.

Inventory:

Hand Weapons
 a - a +0 quarterstaff (weapon)
 b - the +11 dagger "Giantslayer" {vamp, rElec rCorr}
   (You found it on level 4 of the Dungeon)

   rElec:     It insulates you from electricity.
   rCorr:     It protects you from acid and corrosion.
Missiles
 d - 4 throwing nets (quivered)
 e - a javelin
 h - 11 poisoned darts
Armour
 i - a +0 ring mail (worn)
 l - a +0 pair of boots (worn)
Jewellery
 t - a ring of protection from cold (left hand)
Wands
 m - a wand of flame (28)
Scrolls
 p - a scroll of fear
 q - 4 scrolls of blinking
 s - a scroll of noise {unknown}
Potions
 c - 2 potions of resistance {unknown}
 f - 2 potions of mutation
 g - 2 potions of might
 j - a potion of magic {unknown}
 k - 4 potions of ambrosia
 n - 3 potions of curing {unknown}
 o - a potion of brilliance {unknown}
 r - a potion of experience {unknown}


   Skills:
 * Level 6.6 Fighting
 + Level 6.8 Staves
 - Level 1.7 Throwing
 + Level 2.8 Armour
 - Level 2.6 Dodging
 + Level 1.3 Invocations


You had 7 spell levels left.
You didn't know any spells.
Your spell library contained the following spells:

 Spells                   Type           Power      Damage    Failure   Level
 Magic Dart               Conj           0%         1d3       63%         1
 Sting                    Conj/Alch      0%         1d3       63%         1
 Blink                    Tloc           0%         N/A       77%         2
 Call Imp                 Summ           0%         N/A       77%         2
 Mercury Vapours          Alch/Air       0%         N/A       77%         2
 Frozen Ramparts          Ice            0%         1d1       94%         3
 Ozocubu's Armour         Ice            0%         N/A       94%         3
 Olgreb's Toxic Radiance  Alch           0%         N/A       100%        4
 Metabolic Englaciation   Hex/Ice        0%         N/A       100%        5


Dungeon Overview and Level Annotations

Branches:
Dungeon (6/15)              Sewer (visited)
 Temple: D:4-7

Altars:
Qazlal


Innate Abilities, Weirdness & Mutations

You have a pair of small antennae on your head.
You are mostly covered in large bone plates. (SH +6)
Your demonic aura often causes spilled blood to erupt in flames.
Spells you cast may paralyse adjacent enemies.


Message History

You kill the hound!
Qazlal accepts your kill.
The wight hits you from afar with a +3 spear of freezing.
You feel very mighty all of a sudden. The wight hits you but does no damage.
Things that are here:
a +4 dagger; a +0 robe; a +0 whip You closely miss the gnoll.
The gnoll barely misses you.
You hit the gnoll.
The gnoll is lightly wounded.
The gnoll hits you with a +0 flail.
You hit the gnoll.
The gnoll is moderately wounded.
The gnoll is engulfed in blazing flames.
You block the gnoll's attack.
You bludgeon the gnoll!!
You kill the gnoll!
Qazlal accepts your kill. The wight barely misses you.
You block the wight's attack.
The wight hits you from afar with a +3 spear of freezing.
Things that are here:
a +0 flail; a gnoll corpse You sock the wight!
The wight is heavily damaged.
The wight barely misses you.
The wight hits you with a +0 short sword.
The wight completely misses you.
You hit the wight.
The wight is almost destroyed.
The wight hits you with a +0 battleaxe!
* * * LOW HITPOINT WARNING * * *
The wight hits you with a +0 short sword.
* * * LOW HITPOINT WARNING * * *
You feel drained.
* * * LOW HITPOINT WARNING * * *
You block the wight's attack.
You closely miss the wight. The wight hits you with a +0 battleaxe.
* * * LOW HITPOINT WARNING * * *
You feel drained.
You die...

### ..# ###+####.#
####### #.....##.#
#.....# #.#.#.##.#
#.###.###
+.._..)zz# #.#
#...#
#.#.#z##z########.#
###.#
#....{#.z@........#
#.##
###z###############
#... #.#{ #### .z.
# #..g # #..z #
#.... # #.. #


You could see 4 wights.

Vanquished Creatures
  Duvessa (D:4)
  An ice beast (D:5)
  2 ogres (D:5)
  A crocodile (Sewer)
  A phantom (D:5)
  A bullfrog (D:5)
  A wight (D:6)
  Dowan (D:4)
  A howler monkey (D:5)
  A bombardier beetle (D:5)
  An orc priest (D:3)
  2 gnoll boudas (D:6)
  6 hounds
  A sleepcap (D:5)
  8 gnolls
  6 adders
  A shadow imp (D:5)
  A white imp (D:5)
  4 dart slugs
  6 orcs
  5 ball pythons
  3 bats
  6 endoplasms
  8 giant cockroaches
  3 goblins
  A hobgoblin (D:1)
  6 jackals
  5 quokkas
  4 frilled lizards
  5 kobolds
  6 rats
99 creatures vanquished.

Notes
Turn   | Place    | Note
-------+----------+-------------------------------------------
     0 | D:1      | Orlauf the Demonspawn Gladiator began the quest for the
                  | Orb.
     0 | D:1      | Reached XP level 1. HP: 16/16 MP: 1/1
   232 | D:1      | Gained mutation: You have a pair of small antennae on your
                  | head. [demonic ancestry]
   232 | D:1      | Reached XP level 2. HP: 22/22 MP: 2/2
   517 | D:1      | Gained mutation: You are partially covered in large bone
                  | plates. (SH +4) [demonic ancestry]
   517 | D:1      | Reached XP level 3. HP: 21/28 MP: 3/3
  1608 | D:3      | Gained mutation: Your demonic aura sometimes causes spilled
                  | blood to erupt in flames. [demonic ancestry]
  1608 | D:3      | Reached XP level 4. HP: 8/35 MP: 4/4
  2165 | D:4      | Identified the +11 dagger "Giantslayer" {vamp, rElec rCorr}
  2283 | D:4      | Gained mutation: Spells you cast may paralyse adjacent
                  | enemies. [demonic ancestry]
  2283 | D:4      | Reached XP level 5. HP: 41/41 MP: 5/5
  2455 | D:4      | Found a glowing drain.
  2458 | Sewer    | Entered a sewer
  2495 | Sewer    | Noticed a crocodile
  2504 | Sewer    | Killed a crocodile
  2505 | Sewer    | Reached skill level 5 in Staves
  2629 | D:4      | Noticed Dowan
  2637 | D:4      | Killed Dowan
  2638 | D:4      | Gained mutation: Your demonic aura often causes spilled
                  | blood to erupt in flames. [demonic ancestry]
  2638 | D:4      | Reached XP level 6. HP: 48/48 MP: 6/6
  2638 | D:4      | Noticed Duvessa
  2644 | D:4      | Killed Duvessa
  3188 | D:5      | Entered Level 5 of the Dungeon
  3449 | D:5      | Noticed an ice beast
  3460 | D:5      | Reached XP level 7. HP: 43/55 MP: 7/7
  3470 | D:5      | Reached skill level 5 in Fighting
  3470 | D:5      | Reached skill level 1 in Armour
  4081 | D:5      | Gained mutation: You are mostly covered in large bone
                  | plates. (SH +6) [demonic ancestry]
  4081 | D:5      | Reached XP level 8. HP: 64/64 MP: 8/8
  4586 | D:6      | Found a stormy altar of Qazlal.
  4594 | D:6      | Became a worshipper of Qazlal Stormbringer
  4632 | D:6      | Reached skill level 1 in Invocations
  4675 | D:6      | HP: 3/64 [wight/+0 short sword (1)]
  4676 | D:6      | HP: 1/64 [wight/+0 battleaxe (3)]
  4676 | D:6      | Slain by a wight

Illustrated notes

Levels and vault maps discovered:
D:1:      sevenhm_arrival_forest_fort_large_2, layout_loops_ring,
          kennysheep_crisscross, chequers_serial_rivers_room_b
D:2:      layout_basic, minmay_fountain_box, reono_crystal_passage,
          kennysheep_decorative_pillar
D:3:      layout_loops_ring
D:4:      layout_gridville, elyvilon_altar_1,
          mainiacjoe_sewer_entry_somewhere_in_here_1, uniq_duvessa
D:5:      layout_basic, serial_bayou, serial_bayou_pond_e, serial_bayou_shore_b,
          serial_bayou_pond_a, serial_bayou_pond_b, serial_bayou_pond_a,
          serial_bayou_lake_a, minmay_misc_feat_nine_boxes
D:6:      layout_basic, kennysheep_little_box, grunt_dithmenos_smoke,
          minmay_temple_entry_drinking_statues, uniq_jeremiah

Skill      XL: |  1  2  3  4  5  6  7  8 |
---------------+-------------------------+-----
Staves         | 3 4 5 6 |  6.8
Fighting       | 3 4 6 |  6.6
Armour         | 2 |  2.8
Invocations    | 1 |  1.3
Throwing       | |  1.7
Dodging        | |  2.6

Action                     |  1- 3 |  4- 6 |  7- 9 || total
---------------------------+-------+-------+-------++-------
  Melee: Quarterstaff      |   122 |    40 |   119 ||   281
         Dagger            |       |    75 |       ||    75
  Throw: Throwing net      |     2 |     3 |       ||     5
    Use: Scroll            |     3 |     5 |     1 ||     9
         Potion            |       |       |     1 ||     1
   Stab: Sleeping          |     3 |       |       ||     3
 Armour: Leather armour    |    32 |       |       ||    32
         Ring mail         |    17 |    72 |    61 ||   150
  Dodge: Dodged            |    57 |    52 |    61 ||   170
  Block: Other             |    10 |    18 |    36 ||    64

Table legend: (Time is in decaauts)
 A = Elapsed time spent in this place.
 B = Non-inter-level travel time spent in this place.
 C = Inter-level travel time spent in this place.
 D = Time resting spent in this place.
 E = Time spent auto-exploring this place.
 F = Levels seen in this place.
 G = Mean time per level.
                   A        B        C        D        E       F      G
               +--------+--------+--------+--------+--------+-----+--------+
         Total |   4750 |   4554 |    196 |    262 |   3152 |   7 |  678.6 |
       Dungeon |   4598 |   4402 |    196 |    262 |   3090 |   6 |  766.3 |
         Sewer |    151 |    151 |      0 |      0 |     61 |   1 |  151.0 |
               +--------+--------+--------+--------+--------+-----+--------+

Top non-repeatable levels by time:
     D:5: 1319 daAuts
     D:4: 911 daAuts
     D:1: 832 daAuts
     D:3: 765 daAuts
     D:2: 564 daAuts
     D:6: 204 daAuts
   Sewer: 151 daAuts
